AoeStats
← 裝甲蟑螂

Nomad

509382480Analyzed
4v4 RM · 7d ago on Sep 26, 2026· 44m 35s· 8 players
Game mode
Random Map
Map size
231×231
Population
200
Speed
Normal
Resources
Standard
Victory
Conquest
Starting age
Dark Age
Ending age
Imperial Age
RankedLock teamsTeams togetherTeam positionsShared explorationLock speedFull tech treeHidden civsTurbo modeCheats
Victory
Defeat
🇹🇼 Danes · Taiwan
1605
+5
🇹🇼 Mongols · Taiwan
1299
+15
🇹🇼 Japanese · Taiwan
1281
+15
1272
+16
🇨🇳 Huns · China
1358
-15
🇮🇳 Celts · India
1330
-14
🇨🇳 Persians · China
1301
-13
🇺🇸 Magyars · United States
1182
-9
见不久好
13:51 Feudal Age
17:15 Bloodlines
19:31 Castle Age
17:31 Double-Bit Axe
18:21 Forging
18:20 Scale Barding Armor
19:13 Horse Collar
20:19 Husbandry
20:32 Bloodlines
25:00 Iron Casting
27:19 Loom
30:03 Chain Barding Armor
35:24 Stone Mining
36:14 Wheelbarrow
39:29 Hand Cart
39:06 Gold Mining
dy小妖
7:54 Loom
14:14 Feudal Age
15:25 Double-Bit Axe
15:49 Gold Mining
18:13 Castle Age
16:02 Horse Collar
16:40 Scale Barding Armor
17:52 Bloodlines
25:37 Heavy Plow
25:48 Bow Saw
27:22 Wheelbarrow
29:27 Stone Mining
30:46 Gold Shaft Mining
31:23 Stone Shaft Mining
31:06 Town Watch
31:41 Hand Cart
32:23 Fletching
36:25 Imperial Age
35:35 Ballistics
34:53 Crossbowman
36:13 Bodkin Arrow
37:36 Kamandaran
39:00 Chemistry
38:34 Padded Archer Armor
39:45 Thumb Ring
40:27 Leather Archer Armor
40:46 Conscription
44:23 Two-Man Saw
43:45 Leather Archer Armor
ChenH
16:12 Feudal Age
17:35 Bloodlines
31:55 Castle Age
30:21 Horse Collar
34:32 Double-Bit Axe
38:50 Thumb Ring
38:05 Crossbowman
39:10 Elite Skirmisher
41:06 Heavy Plow
43:24 Bow Saw
43:50 Fletching
44:01 Padded Archer Armor
Borad
5:05 Loom
13:25 Feudal Age
17:38 Castle Age
15:40 Double-Bit Axe
18:42 Bow Saw
18:14 Fishing Lines
19:48 Gillnets
23:07 Medium Warships
23:29 Horse Collar
27:27 Wheelbarrow
26:38 Town Watch
28:20 Gold Mining
28:38 Stone Mining
32:27 Imperial Age
30:14 Scale Mail Armor
31:10 Chain Mail Armor
31:06 Forging
32:15 Gold Shaft Mining
32:10 Fletching
33:47 Plate Mail Armor
33:49 Conscription
34:52 Iron Casting
35:54 Stone Shaft Mining
35:50 Elite Woad Raider
39:24 Blast Furnace
友善牛牛
12:43 Feudal Age
16:59 Castle Age
15:21 Double-Bit Axe
16:09 Fishing Lines
17:27 Loom
18:11 Fletching
20:11 Bodkin Arrow
21:51 Town Watch
23:41 Wheelbarrow
24:12 Horse Collar
25:02 Bow Saw
25:50 Padded Archer Armor
26:40 Gillnets
32:33 Imperial Age
32:13 Ballistics
32:46 Elite Mangudai
33:32 Husbandry
34:54 Parthian Tactics
35:00 Bracer
35:45 Conscription
36:48 Leather Archer Armor
36:38 Gold Mining
36:38 Stone Mining
38:48 Gold Shaft Mining
38:43 Bloodlines
38:40 Scale Barding Armor
39:46 Chain Barding Armor
40:32 Chemistry
42:23 Drill
42:33 Hand Cart
42:30 Forging
42:40 Thumb Ring
44:08 Capped Ram
白毛
4:30 Loom
13:26 Feudal Age
17:04 Castle Age
15:28 Double-Bit Axe
18:04 Bow Saw
18:15 Medium Warships
22:11 Wheelbarrow
23:50 Fishing Lines
24:32 Horse Collar
24:59 Gillnets
25:35 Fletching
31:08 Imperial Age
29:40 Scale Mail Armor
29:50 Forging
30:39 Gold Mining
30:39 Stone Mining
31:10 Hand Cart
30:41 Town Watch
31:33 Chain Mail Armor
30:49 Hamask
31:59 Elite Varangian Guard
32:40 Squires
33:18 Plate Mail Armor
35:09 Iron Casting
36:48 Bodkin Arrow
36:54 Padded Archer Armor
38:53 Blast Furnace
37:51 Heavy Mounted Crossbowman
38:44 Cranequins
39:31 Thumb Ring
40:37 Conscription
41:20 Arson
41:22 Gambesons
41:48 Pikeman
42:32 Bracer
43:29 Gold Shaft Mining
42:54 Heavy Plow
43:31 Stone Shaft Mining
42:50 Halberdier
44:37 Leather Archer Armor
44:35 Bloodlines
44:26 Husbandry
裝甲蟑螂
10:02 Loom
16:08 Feudal Age
16:15 Man-at-Arms
17:02 Horse Collar
17:29 Arson
20:13 Scale Mail Armor
27:05 Fletching
33:57 Castle Age
33:37 Double-Bit Axe
36:10 Bow Saw
39:09 Stone Mining
40:08 Wheelbarrow
40:58 Heavy Plow
44:29 Hand Cart
44:12 Town Watch
無處安放的驚慌失措
14:36 Feudal Age
18:28 Castle Age
19:07 Double-Bit Axe
20:09 Bow Saw
22:44 Loom
23:45 Fishing Lines
25:14 Wheelbarrow
25:33 Gold Mining
26:26 Scale Barding Armor
28:02 Hand Cart
28:42 Forging
31:54 Iron Casting
33:22 Chain Barding Armor
38:26 Imperial Age
38:43 Stone Mining
39:43 Conscription
40:40 Plate Barding Armor
41:06 Blast Furnace
39:59 Fletching
40:06 Pikeman
40:46 Squires
41:28 Squires
41:30 Scale Mail Armor
43:34 Hoardings
43:13 Bloodlines
44:19 Husbandry
Connection lost

Rejoining the realm…

Still unreachable

The connection could not be restored.

Session expired

The server has moved on; the page needs a fresh start.